 Dungeon Crawl Stone Soup version 0.30.0 (webtiles) character file.

Game seed: 10091572719158225483

42 Boneconjurer19 the Caller (level 3, 0/19 HPs)
             Began as a Kobold Summoner on Nov 15, 2023.
             Killed by nerve-wracking pain
             ... invoked by Grinder
              (11 damage)
             ... on level 3 of the Dungeon.
             The game lasted 00:10:15 (2298 turns).

Boneconjurer19 the Caller (Kobold Summoner)         Turns: 2298, Time: 00:10:16

Health: 0/19       AC:  3    Str:  5    XL:     3   Next: 77%
Magic:  3/7        EV: 15    Int: 18    God:
Gold:   60         SH:  0    Dex: 15    Spells: 2/8 levels left

rFire   . . .        e - staff of conjuration
rCold   . . .        (shield currently unavailable)
rNeg    . . .        a - +0 robe
rPois   .            (no helmet)
rElec   .            (no cloak)
rCorr   .            (no gloves)
SInv    .            i - +0 pair of boots
Will    .....        (no amulet)
Stlth   +++          (no ring)
HPRegen 0.23/turn    (no ring)
MPRegen 0.10/turn

%: no passive effects
@: very slightly contaminated
A: small, no large weapons, nightstalker 3
a: no special abilities


You were on level 3 of the Dungeon.
You visited 1 branch of the dungeon, and saw 3 of its levels.

You collected 60 gold pieces.

Inventory:

Armour
 a - a +0 robe (worn)
 i - a +0 pair of boots (worn)
Magical Staves
 e - a staff of conjuration (weapon)
Scrolls
 c - a scroll of amnesia {unknown}
 d - a scroll of noise {unknown}
 g - a scroll of immolation {unknown}
 h - 4 scrolls of identify {unknown}
 k - a scroll of teleportation {unknown}
Potions
 b - a potion of magic
 f - 2 potions of lignification {unknown}
 j - 2 potions of curing {unknown}


   Skills:
 - Level 2.6 Dodging
 - Level 3.0 Stealth
 * Level 3.0 Spellcasting
 * Level 4.5 Summonings


You had 2 spell levels left.
You knew the following spells:

 Your Spells              Type           Power      Damage    Failure   Level
a - Summon Small Mammal   Summ           76%        N/A       2%          1
b - Call Imp              Summ           38%        N/A       3%          2
c - Call Canine Familiar  Summ           19%        N/A       8%          3

Your spell library contained the following spells:

 Spells                   Type           Power      Damage    Failure   Level
 Cigotuvi's Dreadful Rot  Necr/Pois/Air  4%         N/A       24%         2
 Static Discharge         Conj/Air       8%         2-3/arc   24%         2
 Summon Guardian Golem    Hex/Summ       10%        N/A       19%         3
 Ignite Poison            Fire/Tmut/Pois 2%         N/A       43%         3
 Summon Lightning Spire   Summ/Air       10%        N/A       54%         4
 Airstrike                Air            1%         2d(1-17)  85%         4
 Freezing Cloud           Conj/Ice/Air   2%         6-21      99%         5


Dungeon Overview and Level Annotations

Branches:
Dungeon (3/15)

Altars:
Qazlal

Annotations:
D:3 Grinder


Innate Abilities, Weirdness & Mutations

You are small and have problems with some larger weapons.
You are completely attuned to the shadows.


Message History

Casting: Call Imp (safe; 3% risk of failure)
Press: ? - help, Q - select action, (/) - cycle Dir - look around, f - activate A tiny devil pulls itself out of the air.
Grinder shouts!
Grinder blinks!
Your cerulean imp barely misses Grinder.
Grinder blinks!
Your cerulean imp hits Grinder with a -3 spear.
Your cerulean imp barely misses Grinder.
Grinder hits your cerulean imp but does no damage.
Your cerulean imp hits Grinder with a -3 spear.
Grinder barely misses your cerulean imp.
Your cerulean imp hits Grinder but does no damage.
Grinder closely misses your cerulean imp.
Grinder hits your cerulean imp!
Your cerulean imp hits Grinder with a -3 spear.
Your cerulean imp hits Grinder but does no damage.
Grinder hits your cerulean imp.
Your cerulean imp hits Grinder with a -3 spear.
Grinder hits your cerulean imp.
Your cerulean imp dies!
Your cerulean imp disappears in a puff of smoke!
Casting: Call Imp (safe; 3% risk of failure)
Press: ? - help, Q - select action, (/) - cycle Dir - look around, f - activate A tiny devil pulls itself out of the air.
Your cerulean imp closely misses Grinder.
Your cerulean imp barely misses Grinder.
Grinder says, "Just stop there for a second..."
Casting: Call Imp (safe; 3% risk of failure)
Press: ? - help, Q - select action, (/) - cycle Dir - look around, f - activate You miscast Call Imp.
You are very lightly contaminated with residual magic.
Nothing appears to happen.
Your cerulean imp hits Grinder but does no damage.
Grinder hits you! Grinder attacks as you move away! Grinder hits you.
Grinder gestures at you. Pain shoots through your body!
Ouch! That really hurt!
You die...

.........####.
#.......##
#.....## ##...##
####'## ...#.#
ยง....#
.....########
.......?.@..#
......[####5#
#.#...#####5####
#....5.5........
####.######.####
#.# #.# #. #.#
.. ..#


You could see Grinder.

Vanquished Creatures (collateral kills)
  An adder (D:2)
  5 orcs (D:2)
  2 ball pythons
  3 endoplasms
  2 giant cockroaches (D:1)
  4 goblins
  2 hobgoblins
  A quokka (D:1)
  2 bats
  A kobold (D:1)
  3 rats (D:2)
26 creatures vanquished.

Notes
Turn   | Place    | Note
-------+----------+-------------------------------------------
     0 | D:1      | Boneconjurer19 the Kobold Summoner began the quest for the
                  | Orb.
     0 | D:1      | Reached XP level 1. HP: 10/10 MP: 3/3
   414 | D:1      | Reached XP level 2. HP: 15/15 MP: 5/5
  1598 | D:2      | Reached XP level 3. HP: 13/19 MP: 5/7
  1678 | D:2      | Learned a level 2 spell: Call Imp
  1681 | D:2      | Found a stormy altar of Qazlal.
  2091 | D:2      | Learned a level 3 spell: Call Canine Familiar
  2276 | D:3      | Noticed Grinder
  2298 | D:3      | Killed from afar by Grinder

Illustrated notes

Levels and vault maps discovered:
D:1:      dpeg_arrival_boxorama, layout_basic
D:2:      layout_basic, basic_altar, chequers_serial_rivers_small_a
D:3:      minmay_wonky_spiral, layout_loops_corners,
          nicolae_gozag_zags_fifth_avenue, gammafunk_ghost_gnarly_gnolls,
          uniq_natasha, uniq_grinder

Skill      XL: |  1  2  3 |
---------------+----------+-----
Stealth        | 3 |  3.0
Spellcasting   | 3 |  3.0
Dodging        | |  2.6
Summonings     | |  4.5

Action                     || total
---------------------------++-------
  Melee: Staff             ||     4
   Cast: Summon Small Mamm ||    45
         Call Imp          ||     9
 Armour: Robe              ||     5
  Dodge: Dodged            ||    33
